 Dungeon Crawl Stone Soup version 0.28.0-53-g5a82cb258f (webtiles) character file.

Game seed: 11119106021472696617

14267 nightchill the Severer (level 12, -4/115 HPs)
             Began as a Hill Orc Fighter on Aug 8, 2022.
             Was a Follower of Uskayaw.
             Succumbed to Sonja's curare-tipped dart
             ... on level 10 of the Dungeon.
             The game lasted 00:23:38 (12244 turns).

nightchill the Severer (Hill Orc Fighter)          Turns: 12244, Time: 00:23:39

Health: -4/115     AC: 15    Str: 24    XL:     12   Next: 14%
Magic:  21/21      EV:  7    Int:  8    God:    Uskayaw [*.....]
Gold:   407        SH:  5    Dex: 10    Spells: 11/11 levels left

rFire   . . .      SeeInvis .   b - +0 broad axe
rCold   . . .      Faith    .   c - +0 buckler
rNeg    + . .      Spirit   .   j - +1 chain mail {rN+}
rPois   .          Reflect  .   e - +2 helmet
rElec   .          Harm     .   L - +0 cloak
rCorr   .          Rampage  .   D - +0 pair of gloves
Will    .....                   (no boots)
Stlth   ..........              (no amulet)
HPRegen 0.29/turn               (no ring)
MPRegen 0.17/turn               (no ring)

@: lethally poisoned (-4 -> -43), slowed, very slow
A: no striking features
a: Renounce Religion, Stomp


You were on level 10 of the Dungeon.
You worshipped Uskayaw.
Uskayaw was pleased with you.
You visited 2 branches of the dungeon, and saw 11 of its levels.

You collected 472 gold pieces.
You spent 65 gold pieces at shops.

Inventory:

Hand Weapons
 a - a +1 war axe of flaming {hydra killer}
 b - a +0 broad axe (weapon)
 f - a +1 war axe
 u - the +9 mace of Tumult {freeze, rPois}
   (You found it on level 4 of the Dungeon)

   It freezes those it strikes, dealing additional cold damage.
   It can also slow down cold-blooded creatures.
   rPois:     It protects you from poison.
 B - the +6 hunting sling "Moissixt" {freeze, rElec}
   (You found it on level 7 of the Dungeon)

   Any ammunition fired from it freezes those it strikes, dealing additional
   cold damage.
   It can also slow down cold-blooded creatures.
   rElec:     It insulates you from electricity.
Missiles
 o - 10 poisoned darts (quivered)
 F - a throwing net
Armour
 c - a +0 buckler (worn)
 e - a +2 helmet (worn)
 j - a +1 chain mail of positive energy (worn)
 q - a +0 tower shield
 D - a +0 pair of gloves (worn)
 L - a +0 cloak (worn)
 Q - a +0 scale mail
Jewellery
 C - a ring of fire
 P - a +4 ring of evasion
Wands
 h - a wand of iceblast (13)
 v - a wand of acid (14)
 z - a wand of flame (6)
 K - a wand of polymorph (3)
Scrolls
 k - 2 scrolls of silence {unknown}
 l - a scroll of magic mapping {unknown}
 m - a scroll of fear {unknown}
 n - a scroll of blinking {unknown}
 p - 2 scrolls of immolation
 s - 3 scrolls of torment
 t - 2 scrolls of vulnerability {unknown}
 w - a scroll of enchant weapon
 y - 3 scrolls of enchant armour {unknown}
 A - 4 scrolls of amnesia {unknown}
 E - 2 scrolls of acquirement {unknown}
 G - 3 scrolls of teleportation {unknown}
 J - 2 scrolls of fog {unknown}
 O - 3 scrolls of holy word {unknown}
Potions
 d - a potion of degeneration
 g - 8 potions of curing
 i - a potion of magic
 r - a potion of mutation
 x - a potion of ambrosia
 H - 2 potions of lignification
 I - a potion of brilliance
 M - a potion of haste
 N - 2 potions of invisibility {unknown}
 S - a potion of resistance {unknown}


   Skills:
 + Level 13.0 Fighting
 * Level 16.3 Axes
 - Level 3.2 Armour
 + Level 5.9 Shields
 + Level 12.7 Invocations


You had 11 spell levels left.
You didn't know any spells.
Your spell library contained the following spells:

 Spells                   Type           Power      Damage    Failure   Level
 Corpse Rot               Necr/Air       0%         N/A       99%         2
 Ensorcelled Hibernation  Hex/Ice        0%         N/A       99%         2
 Passwall                 Tmut/Erth      0%         N/A       99%         2
 Gell's Gravitas          Tloc           0%         N/A       100%        3
 Swiftness                Air            0%         N/A       100%        3
 Teleport Other           Tloc           0%         N/A       100%        3
 Dispel Undead            Necr           0%         3d6       100%        4
 Petrify                  Tmut/Erth      0%         N/A       100%        4
 Yara's Violent Unravell  Hex/Tmut       0%         3d3       100%        5
 Death Channel            Necr           0%         N/A       100%        6
 Dispersal                Tloc           0%         N/A       100%        6
 Disjunction              Tloc           0%         N/A       100%        8


Dungeon Overview and Level Annotations

Branches:
Dungeon (10/15)            Temple (1/1) D:5            Lair (0/6) D:8
    Orc (0/2) D:9

Altars:
Ashenzari
Cheibriados
Dithmenos
Elyvilon
Fedhas
Gozag
Kikubaaqudgha
Nemelex Xobeh
Okawaru
Qazlal
Ru
Sif Muna
Trog
Uskayaw
Wu Jian
Xom
Yredelemnul
Zin
The Shining One
Jiyva

Shops:
D:5 *

Annotations:
D:8 3 runed translucent doors, xelsha's ghost, novice HuBe
D:9 exclusion: obsidian statue
D:10 1 exclusion, Sonja


Message History

You feel sick.
Sonja throws a curare-tipped dart.
The curare-tipped dart hits you.
You are more poisoned.
You have difficulty breathing.
You feel as though you will be slow longer.
You feel very sick.
Sonja throws a curare-tipped dart.
The curare-tipped dart hits you.
You are more poisoned.
You have difficulty breathing.
You feel as though you will be slow longer.
You are too injured to fight recklessly!
You are too injured to fight recklessly!
You slice Sonja!!
Sonja is severely wounded.
You feel very sick.
Sonja hits you with a +4 short sword of distortion!
You blink.
You can now stomp with the beat.
You feel very sick.
Sonja bows elegantly.
Sonja throws a curare-tipped dart.
The curare-tipped dart barely misses you.
You feel very sick.
You block Sonja's attack. x2; Sonja hits you but does no damage.
You blink.
Sonja gestures wildly while chanting.
Sonja blinks!
You feel very sick.
You feel sick.
Sonja throws a curare-tipped dart.
The curare-tipped dart hits you.
You are more poisoned.
You have difficulty breathing.
* * * LOW HITPOINT WARNING * * *
You feel as though you will be slow longer.
Sonja throws a curare-tipped dart.
The curare-tipped dart hits you.
You are more poisoned.
You have difficulty breathing.
* * * LOW HITPOINT WARNING * * *
You feel as though you will be slow longer.
Unknown command.
You die...

#.##...#
##.#.#.#
#.##...#
#...#.#
#.##...#
##..#.#
#.######
#..#.###.###
#.#
##.#........
###'#### #...#
.......#
##########..#.#
.......#
#.(.)....K....#
.......#
#....@....#.(.#
.......#
#.........##..#
.......#
#.........# ..#
.......#
#.........#
.... ###.####
#.........#
..##. #<#
#.........# #.#
# ###
#.........#
###########


You could see Sonja.

Vanquished Creatures
  A hydra (D:7)
  Erica (D:9)
  A centaur warrior (D:8)
  2 two-headed ogres (D:9)
  Pikel (D:6)
  An elephant (D:8)
  Maurice (D:9)
  Grinder (D:6)
  A hornet (D:7)
  Prince Ribbit (D:5)
  2 wyverns (D:8)
  A shadow (D:10)
  4 yaks (D:9)
  A basilisk (D:8)
  A steam dragon (D:6)
  An acid dragon (D:10)
  2 wargs (D:9)
  A water moccasin (D:6)
  A sky beast (D:6)
  2 ice beasts
  A black bear (D:8)
  4 orc warriors
  3 necrophages
  3 ogres
  2 centaurs
  A lemure (D:6)
  A phantom (D:5)
  5 bullfrogs
  A kobold brigand (D:9)
  A wyvern zombie (D:9)
  2 gnoll sergeants
  A scorpion (D:5)
  A water moccasin skeleton (D:6)
  A water moccasin zombie (D:5)
  6 wights
  A killer bee (D:9)
  4 centaur zombies
  A howler monkey (D:7)
  7 orc priests
  A bullfrog skeleton (D:5)
  Terence (D:2)
  10 orc wizards
  A killer bee zombie (D:6)
  A hound skeleton (D:4)
  Robin (D:3)
  2 howler monkey zombies (D:8)
  5 gnolls (D:7)
  7 adders
  A white imp (D:7)
  3 ufetubi
  3 worms
  4 dart slugs
  31 orcs
  3 ball pythons
  2 endoplasms
  2 giant cockroaches
  14 goblins
  8 hobgoblins
  8 quokkas
  6 bats
  3 frilled lizards
  9 kobolds
  8 rats
207 creatures vanquished.

Notes
Turn   | Place    | Note
-------+----------+-------------------------------------------
     0 | D:1      | nightchill the Hill Orc Fighter began the quest for the
                  | Orb.
     0 | D:1      | Reached XP level 1. HP: 19/19 MP: 1/1
     6 | D:1      | Noticed a wyvern
     6 | D:1      | Noticed a wolf
     6 | D:1      | Noticed a black bear
     6 | D:1      | Noticed a killer bee
   126 | D:1      | Reached skill level 3 in Axes
   169 | D:1      | Reached XP level 2. HP: 23/27 MP: 2/2
   374 | D:1      | Found a faded altar of an unknown god.
   605 | D:2      | Reached skill level 4 in Axes
   632 | D:2      | Reached XP level 3. HP: 31/33 MP: 3/3
   868 | D:2      | Noticed Terence
   880 | D:2      | Killed Terence
   884 | D:2      | Reached XP level 4. HP: 26/41 MP: 4/4
   886 | D:2      | Reached skill level 5 in Axes
  1605 | D:3      | Reached XP level 5. HP: 47/47 MP: 5/5
  1837 | D:3      | Noticed Robin
  1841 | D:3      | Noticed an ogre
  1858 | D:3      | Killed an ogre
  1859 | D:3      | Reached skill level 5 in Fighting
  1859 | D:3      | Reached skill level 6 in Axes
  1864 | D:3      | Reached XP level 6. HP: 40/56 MP: 6/6
  1864 | D:3      | Killed Robin
  2681 | D:4      | Reached skill level 7 in Axes
  3087 | D:4      | Identified the +9 mace of Tumult {freeze, rPois}
  3100 | D:5      | Entered Level 5 of the Dungeon
  3216 | D:5      | Found a staircase to the Ecumenical Temple.
  3222 | D:5      | Noticed a necrophage
  3245 | D:5      | Killed a necrophage
  3313 | Temple   | Entered the Ecumenical Temple
  3589 | Temple   | Became a worshipper of Uskayaw the Reveller
  3637 | D:5      | Got the Grimoire of Transmigration
  3701 | D:5      | Reached * piety under Uskayaw
  3704 | D:5      | Reached ** piety under Uskayaw
  3709 | D:5      | Reached skill level 8 in Axes
  3709 | D:5      | Reached XP level 7. HP: 55/63 MP: 7/7
  3719 | D:5      | Reached skill level 1 in Invocations
  3725 | D:5      | Reached *** piety under Uskayaw
  4298 | D:5      | Found Sohuotei's General Store.
  4348 | D:5      | Reached skill level 9 in Axes
  4350 | D:5      | Reached XP level 8. HP: 55/71 MP: 5/10
  4770 | D:5      | Bought a potion of heal wounds for 65 gold pieces
  4790 | D:6      | Noticed Prince Ribbit
  4831 | D:5      | Killed Prince Ribbit
  4832 | D:5      | Reached skill level 10 in Axes
  5051 | D:6      | Noticed Grinder
  5087 | D:6      | Paralysed by Grinder for 7 turns
  5110 | D:6      | Killed Grinder
  5206 | D:6      | Reached skill level 5 in Invocations
  5216 | D:6      | Reached skill level 11 in Axes
  5320 | D:6      | Reached XP level 9. HP: 42/81 MP: 11/13
  5502 | D:6      | Noticed Pikel
  5528 | D:6      | Reached **** piety under Uskayaw
  5530 | D:6      | Killed Pikel
  5531 | D:6      | Reached skill level 12 in Axes
  5532 | D:6      | Reached ***** piety under Uskayaw
  6997 | D:7      | Reached skill level 13 in Axes
  7319 | D:7      | Noticed a seven-headed hydra
  7336 | D:7      | Killed a two-headed hydra
  7337 | D:7      | Reached XP level 10. HP: 22/91 MP: 14/16
  7947 | D:7      | Reached skill level 14 in Axes
  8107 | D:7      | Identified the +6 hunting sling "Moissixt" {freeze, rElec}
  8119 | D:7      | Found an ornate altar of the Wu Jian Council.
  8628 | D:8      | Reached skill level 15 in Axes
  8628 | D:8      | Reached XP level 11. HP: 104/104 MP: 16/19
  8700 | D:8      | Found a staircase to the Lair.
  8728 | D:8      | Reached skill level 16 in Axes
  9071 | D:8      | Found a runed translucent gate.
  9073 | D:8      | Found a runed translucent gate.
  9073 | D:8      | Found a runed translucent gate.
  9076 | D:8      | Noticed xelsha's ghost (novice HuBe)
  9191 | D:8      | Noticed a centaur warrior
  9204 | D:8      | Killed a centaur warrior
  9723 | D:8      | Found a viscous altar of Jiyva.
  9856 | D:9      | Noticed a two-headed ogre
  9866 | D:9      | Killed a two-headed ogre
 10042 | D:9      | Noticed an obsidian statue
 10223 | D:9      | Noticed Maurice
 10251 | D:9      | Killed Maurice
 10252 | D:9      | Reached skill level 5 in Shields
 10458 | D:9      | Noticed a two-headed ogre
 10469 | D:9      | Killed a two-headed ogre
 11043 | D:9      | Found a staircase to the Orcish Mines.
 11116 | D:9      | Noticed Erica
 11129 | D:9      | Killed Erica
 11130 | D:9      | Reached XP level 12. HP: 105/113 MP: 21/21
 11706 | D:10     | Entered Level 10 of the Dungeon
 12228 | D:10     | Noticed Sonja
 12244 | D:10     | Succumbed to Sonja's curare-tipped dart

Illustrated notes

Levels and vault maps discovered:
D:1:      onia_arrival_zoo_common, layout_rooms,
          shapermc_ecumenical_altar_ellora
D:2:      layout_rooms, minmay_misc_feat_cross, eino_tiny_chamber, uniq_terence
D:3:      layout_loops_ring, uniq_robin
D:4:      layout_cave_pods
D:5:      layout_basic, temple_fountains, serial_shops, shop
D:6:      layout_cave_pods, uniq_grinder, uniq_prince_ribbit1, uniq_pikel
D:7:      layout_layer_cave, pdpol_wu_jian_five_deadly_venoms
D:8:      layout_loops_corners, david_lair_generic, gammafunk_ghost_ooze
D:9:      layout_irregular_city, minmay_orc_entry_guard_dogs, st_stairs_9,
          minivault_15, grunt_ministairs_9, minmay_starry_boxes, uniq_maurice,
          uniq_erica
D:10:     layout_basic, minivault_25, chequers_big_river,
          nicolae_shop_overcharged_wands, uniq_sonja
Temple:   mainiacjoe_temple_trianglar_array

Skill      XL: |  1  2  3  4  5  6  7  8  9 10 11 12 |
---------------+-------------------------------------+-----
Axes           | 3 4 5 6 8 9 11 13 15 16 | 16.3
Fighting       | 4 5 6 7 9 11 12 13 | 13.0
Invocations    | 3 5 8 11 12 | 12.7
Shields        | 5 |  5.9
Armour         | |  3.2

Action                   |  1- 3 |  4- 6 |  7- 9 | 10-12 || total
-------------------------+-------+-------+-------+-------++-------
Melee: War axe           |    78 |   163 |   259 |   148 ||   648
       Broad axe         |       |       |       |    59 ||    59
Throw: Dart              |       |       |       |     1 ||     1
Invok: Stomp             |       |       |     4 |     3 ||     7
       Line Pass         |       |       |       |     1 ||     1
Evoke: Wand              |       |       |     2 |       ||     2
  Use: Potion            |       |     1 |     2 |     1 ||     4
       Scroll            |       |       |     7 |     5 ||    12
 Stab: Paralysed         |       |       |    13 |    12 ||    25
Armor: Scale mail        |    46 |       |       |       ||    46
       Chain mail        |       |   112 |   137 |    97 ||   346
       Skin              |       |       |       |     3 ||     3
Dodge: Dodged            |    41 |    57 |    68 |    38 ||   204
Block: Buckler           |    18 |    39 |    47 |    35 ||   139
